 Dungeon Crawl Stone Soup version 0.21.0-25-ge575cb9 (webtiles) character file.

279418 Mesmaeker13 the Devastator (level 19, -24/115 HPs)
             Began as a Deep Elf Fire Elementalist on Jan 24, 2018.
             Was a High Priest of Vehumet.
             Killed from afar by a fire dragon (28 damage)
             ... with a blast of flame
             ... on level 1 of the Depths on Jan 25, 2018.
             The game lasted 03:31:43 (65511 turns).

Mesmaeker13 the Devastator (DEFE)                  Turns: 65511, Time: 03:31:44

Health: -24/115    AC: 23    Str: 13    XL:     19   Next: 65%
Magic:  26/46      EV: 19    Int: 26    God:    Vehumet [*****.]
Gold:   1545       SH:  9    Dex: 15    Spells: 1/42 levels left

rFire    + . .     SeeInvis .   u - staff of energy
rCold    + . .     Gourm    .   V - +2 buckler {rN+}
rNeg     + . .     Faith    .   a - +7 ring mail of Demons {*Contam rElec rF+ Int+2}
rPois    .         Spirit   .   y - +2 hat {MR+}
rElec    +         Reflect  .   f - scarf {cloud immunity}
rCorr    .         Harm     .   n - +2 pair of gloves {Str+3}
MR       +++..                  F - +0 pair of boots
Stlth    ++........             C - amulet "Vuajorik" {RegenMP rC+ Stlth+}
HPRegen  0.29/turn              l - ring of protection from magic
MPRegen  0.55/turn              T - ring of magical power

@: shrouded, flying (expiring), very slightly contaminated
A: molten scales 1, thin metallic scales 1, robust 1
}: 2/15 runes: serpentine, barnacled
a: Renounce Religion


You were on level 1 of the Depths.
You worshipped Vehumet.
Vehumet was extremely pleased with you.
You were hungry.

You visited 8 branches of the dungeon, and saw 35 of its levels.
You also visited: Trove, Sewer and Ice Cave.

You collected 3454 gold pieces.
You spent 1909 gold pieces at shops.

Inventory:

Hand Weapons
 d - a +2 dagger of pain
 M - the +8 mithril axe "Arga" {speed, MR+}
   (You took it off a merfolk impaler on level 4 of the Shoals)

   Attacks with this weapon are significantly faster.
   It affects your resistance to hostile enchantments.
Missiles
 r - a throwing net (quivered)
Armour
 a - the +7 ring mail of Demons (worn) {*Contam rElec rF+ Int+2}
   (You found it in a treasure trove)

   It affects your intelligence (+2).
   It protects you from fire.
   It insulates you from electricity.
   It causes magical contamination when unequipped.
 f - a scarf of cloud immunity (worn)
 n - a +2 pair of gloves of strength (worn)
 y - a +2 hat of magic resistance (worn)
 F - a +0 pair of boots (worn)
 V - a +2 buckler of positive energy (worn)
Magical Staves
 u - an uncursed staff of energy (weapon)
Jewellery
 l - a ring of protection from magic (left hand)
 C - the amulet "Vuajorik" (around neck) {RegenMP rC+ Stlth+}
   (You found it on level 2 of the Snake Pit)

   [amulet of magic regeneration]

   It increases your magic regeneration.
   It protects you from cold.
   It makes you more stealthy.
 G - the ring of Alato {rCorr *Slow rN+ Dex+7}
   (You found it in a treasure trove)

   [ring of resist corrosion]

   It affects your dexterity (+7).
   It protects you from negative energy.
   It may slow you when you take damage.
 O - an uncursed ring of see invisible
 T - a ring of magical power (right hand)
 U - a +3 amulet of reflection
Wands
 t - a wand of digging (26)
Scrolls
 h - a scroll of summoning {unknown}
 i - 3 scrolls of remove curse
 j - 3 scrolls of fog
 q - a scroll of magic mapping
 A - 2 scrolls of fear
 X - a scroll of amnesia
Potions
 k - 3 potions of haste
 o - 3 potions of brilliance
 s - a potion of might
 x - 2 potions of agility
 D - a potion of ambrosia
 E - a potion of cancellation
 I - a potion of resistance
 J - 3 potions of flight
 P - 6 potions of curing
Miscellaneous
 b - a crystal ball of energy
 e - a lamp of fire
Comestibles
 c - 23 rations


   Skills:
 - Level 7.0 Fighting
 - Level 6.0 Armour
 + Level 13.6 Dodging
 - Level 2.4 Stealth
 + Level 13.1 Shields
 - Level 12.4 Spellcasting
 + Level 18.3 Conjurations
 - Level 6.0 Charms
 + Level 6.9 Summonings
 - Level 7.8 Necromancy
 + Level 16.8 Fire Magic
 - Level 9.0 Air Magic
 - Level 3.6 Poison Magic
 - Level 7.0 Evocations


You had one spell level left.
You knew the following spells:

 Your Spells              Type           Power        Failure   Level  Hunger
a - Lightning Bolt        Conj/Air       ######....   1%          5    None
b - Throw Flame           Conj/Fire      ######       0%          2    None
c - Summon Lightning Spi  Summ/Air       ######..     2%          4    None
d - Fireball              Conj/Fire      #######...   1%          5    None
e - Mephitic Cloud        Conj/Pois/Air  ######..     1%          3    None
f - Sticky Flame          Conj/Fire      #######.     1%          4    None
g - Regeneration          Chrm/Necr      ######....   1%          3    None
h - Bolt of Fire          Conj/Fire      #######...   1%          6    None
i - Inner Flame           Hex/Fire       ######..     1%          3    None
j - Animate Dead          Necr           N/A          2%          4    None
k - Shroud of Golubria    Chrm/Tloc      ####......   3%          2    None


Dungeon Overview and Level Annotations

Branches:
Dungeon (15/15)            Temple (1/1) D:4            Lair (6/6) D:10
 Shoals (4/4) Lair:3        Snake (4/4) Lair:3        Slime (0/5) Lair:6
    Orc (2/2) D:9             Elf (1/3) Orc:2        Vaults (0/5) D:13
 Depths (2/5) D:15

Altars:
Ashenzari
Dithmenos
Elyvilon
Fedhas
Kikubaaqudgha
Nemelex Xobeh
Trog
Vehumet
Yredelemnul
The Shining One
Beogh
Jiyva

Shops:
D:4 [   D:10 [   D:12 *   Orc:1 %   Orc:2 (=*[   Elf:1 *=*(%   Shoals:2 !
Snake:1 ?   Snake:2 (*

Portals:
Hell: Depths:1
Abyss: Depths:2

Annotations:
D:7 manyhoops's ghost, novice GnWn
Lair:3 exclusion: 2 oklob plants
Lair:6 2 runed doors
Snake:3 exclusion: Roxanne, Roxanne
Depths:1 Sojobo


Innate Abilities, Weirdness & Mutations

You are partially covered in molten scales. (AC +2)
You are partially covered in thin metallic scales. (AC +2)
You are robust. (+10% HP)


Message History

The winds around the air elemental start to calm down.
A vortex of raging winds appears around the air elemental!
You block the air elemental's attack.
The deep troll earth mage points at you and mumbles some strange words.
The wall shatters!
The blast of rock fragments hits you! You block the air elemental's attack.
Unknown command.
The air elemental closely misses you.
You float gracefully downwards.
The vortex of raging winds lifts you up.
You fly up into the air.
* * * LOW HITPOINT WARNING * * *
The air elemental completely misses you.
You hear a deafening roar!
You can't go down here!
* * * LOW HITPOINT WARNING * * *
You hear a grinding noise.
The fire dragon breathes flames at you. The blast of flame hits you!
You resist.
You die...

........#..#
#.###.#.### ##
........'.## #.
.#.....# ........###
###.#####.# ........#
#.. #...#.# ........#
#.###.#.#.# ........#
###.....#...#
........#
#..#.'..#####
........# ##.#.#.#.#
........###..T§§@#§#
#####).###.#§#§###§#
##.))..T...T§§Q###E###
#()####E..##§.QE§E§..#
#[#####.###D#§§.§§§..#
......T.T.T§§§§§§§§..#
...§.....#§T§§§§§§§..#
§.[(...§.#§##........#
§§§)..§§.(.##.§......#


You could see a fire dragon, a deep troll and a deep troll earth mage.

Vanquished Creatures
  Vashnia (Snake:3)
  Nikola (Shoals:3)
  Rupert (D:15)
  Asterion (Snake:2)
  Kirke (Shoals:4)
  Frances (Shoals:2)
  Agnes (Snake:2)
  A tengu reaver (Depths:1)
  A fire giant (D:15)
  Ilsuiw (Shoals:4)
  Aizul (Snake:2)
  14 nagarajas
  An orc warlord (Orc:2)
  A deep elf sorcerer (Elf:1)
  The ghost of Gorglomux the Archmage, a journeyman DENe of Kikubaaqudgha (Snake:2)
  A deep elf death mage (Elf:1)
  2 ettins
  3 jiangshi (Depths:1)
  A fire dragon (Depths:1)
  5 merfolk javelineers
  8 merfolk impalers
  A great orb of eyes (Depths:1)
  22 naga warriors
  5 anacondas
  5 ice dragons
  9 hydras
  5 merfolk avatars
  4 vault guards (D:13)
  5 centaur warriors
  4 ogre magi
  4 dancing weapons (Elf:1)
  6 merfolk aquamancers
  A death yak (Lair:6)
  2 catoblepae
  A satyr (Shoals:3)
  26 naga sharpshooters
  20 two-headed ogres
  2 vampire magi (Depths:1)
  2 tengu warriors (Depths:1)
  Urug (D:15)
  9 shock serpents
  An orc high priest (Orc:2)
  3 deep elf knights
  5 skeletal warriors (D:12)
  A fire crab (Lair:6)
  4 salamander mystics
  5 sea snakes
  4 unseen horrors
  3 wizards
  4 orc knights
  11 naga ritualists
  6 deep elf archers (Elf:1)
  6 harpies
  26 deep elf magi
  A wolf spider zombie (D:14)
  8 mana vipers
  10 ugly things
  An oklob plant (Snake:2)
  10 salamanders
  10 cyclopes
  19 fauns
  10 orc sorcerers
  14 manticores
  6 water nymphs
  6 merfolk sirens
  24 naga magi
  8 elephants
  3 centaur zombies
  27 black mambas
  18 spiny frogs
  2 molten gargoyles (Lair:6)
  7 guardian serpents
  2 ice statues (IceCv)
  A torpor snail (Lair:6)
  4 rime drakes
  12 komodo dragons
  4 yaktaurs (Depths:1)
  3 tengu conjurers
  A jumping spider (shapeshifter) (Depths:1)
  27 merfolk
  A troll (D:10)
  7 wind drakes
  3 blink frogs (Lair:6)
  12 hippogriffs
  15 dream sheep
  10 slime creatures
  11 snapping turtles
  Sigmund (D:5)
  An air elemental (Elf:1)
  2 shadows
  3 wyverns
  16 water elementals
  32 yaks
  A wraith (D:6)
  A human (D:13)
  7 hungry ghosts
  6 basilisks
  2 vampire mosquitoes (D:13)
  Grum (D:11)
  A steam dragon (Lair:6)
  A soldier ant (shapeshifter) (Depths:1)
  6 wargs
  66 nagas
  4 hell hounds
  A soldier ant (D:13)
  7 porcupines
  A swamp drake (D:10)
  31 orc warriors
  9 water moccasins
  A sky beast (D:11)
  Purgy (Sewer)
  17 ice beasts
  A black bear (D:6)
  2 necrophages
  2 eyes of draining
  10 ogres
  33 wolves
  21 centaurs
  3 big kobolds
  12 crocodiles
  17 bullfrogs
  2 wyvern zombies (D:12)
  3 scorpions
  A wyvern skeleton (D:7)
  8 killer bees
  8 wights
  6 howler monkeys
  A bullfrog zombie (D:7)
  5 lava snakes (Lair:6)
  8 crimson imps
  21 orc priests
  2 quasits
  2 gnoll shamans
  9 hounds
  3 centaur skeletons
  A jelly (D:6)
  27 orc wizards
  2 bullfrog skeletons
  Jessica (D:3)
  Ijyb (D:5)
  Terence (D:3)
  3 iguanas
  12 worker ants
  A hound skeleton (D:6)
  A worker ant zombie (D:7)
  15 gnolls
  11 adders
  A howler monkey skeleton (D:7)
  3 shadow imps
  12 white imps (Orc:2)
  4 oozes
  An adder zombie (D:5)
  An adder skeleton (D:10)
  5 worms
  4 leopard geckos
  113 orcs
  4 ball pythons
  4 giant cockroaches
  8 hobgoblins
  15 jackals
  21 kobolds
  7 quokkas
  4 bats
  13 frilled lizards
  4 goblins (D:2)
  A goblin skeleton (D:8)
  A goblin zombie (D:8)
  2 hobgoblin zombies (D:8)
  2 jackal skeletons
  A kobold skeleton (D:8)
  A kobold zombie (D:8)
  A leopard gecko skeleton (D:7)
  3 orc zombies (D:8)
  7 rats
  A fungus (Shoals:2)
  9 plants
1286 creatures vanquished.

Vanquished Creatures (collateral kills)
  A merfolk impaler (Shoals:4)
  A merfolk avatar (Shoals:4)
  A manticore (Shoals:3)
  A merfolk siren (Shoals:2)
  A naga mage (Snake:4)
  A merfolk (Shoals:3)
6 creatures vanquished.

Vanquished Creatures (others)
  A centaur warrior (D:14)
  2 satyrs (Shoals:4)
  A faun (Shoals:3)
  A merfolk siren (Shoals:4)
  A dream sheep (Shoals:4)
  4 humans (Shoals:4)
  A water moccasin (Lair:3)
  A centaur (D:14)
  21 fungi
  57 plants
90 creatures vanquished.

Grand Total: 1382 creatures vanquished

Notes
Turn   | Place    | Note
-------+----------+-------------------------------------------
     0 | D:1      | Mesmaeker13 the Deep Elf Fire Elementalist began the quest for the Orb.
     0 | D:1      | Reached XP level 1. HP: 10/10 MP: 6/6
   370 | D:1      | Reached XP level 2. HP: 15/15 MP: 1/8
   775 | D:2      | Learned a level 2 spell: Throw Flame
   787 | D:2      | Found a bloodstained altar of Trog.
   963 | D:2      | Reached XP level 3. HP: 13/19 MP: 2/10
   992 | D:2      | Reached skill level 2 in Conjurations
  1753 | D:3      | Reached XP level 4. HP: 24/24 MP: 9/11
  2080 | D:3      | Found a blossoming altar of Fedhas.
  2222 | D:3      | Found a glowing drain.
  2229 | D:3      | Reached XP level 5. HP: 26/28 MP: 9/13
  2238 | Sewer    | Entered a sewer
  2352 | Sewer    | Noticed Purgy
  2358 | Sewer    | Killed Purgy
  2358 | Sewer    | Reached skill level 3 in Conjurations
  2582 | D:3      | Noticed Jessica
  2583 | D:3      | Killed Jessica
  2583 | D:3      | Reached XP level 6. HP: 32/32 MP: 12/15
  2712 | D:3      | Reached skill level 5 in Spellcasting
  2758 | D:3      | Noticed Terence
  2773 | D:3      | Killed Terence
  3117 | D:4      | Learned a level 3 spell: Conjure Flame
  3182 | D:4      | Reached skill level 5 in Fire Magic
  3596 | D:4      | Found a staircase to the Ecumenical Temple.
  3611 | D:4      | Reached skill level 4 in Conjurations
  3618 | D:4      | Reached skill level 5 in Dodging
  3618 | D:4      | Reached XP level 7. HP: 29/36 MP: 3/17
  3643 | D:4      | Gained mutation: You are robust. (+10% HP) [potion of mutation]
  3643 | D:4      | Gained mutation: You are partially covered in thin metallic scales. (AC +2) [potion of mutation]
  3643 | D:4      | Gained mutation: You are partially covered in molten scales. (AC +2) [potion of mutation]
  4171 | D:4      | Found Zemopawn's Armour Emporium.
  4514 | D:5      | Entered Level 5 of the Dungeon
  4557 | D:5      | Noticed Ijyb
  4563 | D:5      | Learned a level 5 spell: Fireball
  4568 | D:5      | Killed Ijyb
  4800 | D:5      | Found an ancient bone altar of Kikubaaqudgha.
  4819 | D:5      | Noticed Sigmund
  4826 | D:5      | Killed Sigmund
  4826 | D:5      | Reached skill level 5 in Conjurations
  4826 | D:5      | Reached XP level 8. HP: 35/45 MP: 0/20
  5002 | Temple   | Entered the Ecumenical Temple
  5035 | Temple   | Became a worshipper of Vehumet
  5492 | D:5      | Reached skill level 1 in Fighting
  5583 | D:5      | Got a pitted arbalest
  6109 | D:6      | Reached * piety under Vehumet
  6109 | D:6      | Offered knowledge of Sandblast by Vehumet.
  6125 | D:6      | Reached skill level 6 in Conjurations
  6227 | D:6      | Found a shattered altar of Ashenzari.
  6788 | D:6      | Found a shadowy altar of Dithmenos.
  6808 | D:6      | Reached XP level 9. HP: 52/52 MP: 15/21
  7002 | D:6      | Noticed a red ugly thing
  7702 | D:7      | Noticed manyhoops's ghost (novice GnWn)
  7720 | D:8      | Found a sparkling altar of Nemelex Xobeh.
  7727 | D:8      | Found a basalt altar of Yredelemnul.
  7755 | D:8      | Reached ** piety under Vehumet
  7768 | D:8      | Offered knowledge of Searing Ray by Vehumet.
  7795 | D:8      | Reached skill level 7 in Conjurations
  7859 | D:8      | Noticed a two-headed ogre
  8503 | D:8      | Offered knowledge of Mephitic Cloud by Vehumet.
  8691 | D:8      | Identified the cursed +1 arbalest of Amorality {speed, MR+} (You found it on level 5 of the Dungeon)
  8922 | D:8      | Learned a level 3 spell: Mephitic Cloud
  9315 | D:8      | Killed a two-headed ogre
  9315 | D:8      | Reached skill level 8 in Conjurations
  9315 | D:8      | Reached skill level 1 in Air Magic
  9315 | D:8      | Reached skill level 1 in Poison Magic
  9315 | D:8      | Reached XP level 10. HP: 61/61 MP: 11/22
  9451 | D:8      | Found a glowing golden altar of the Shining One.
  9483 | D:8      | Reached *** piety under Vehumet
  9843 | D:8      | Learned a level 4 spell: Sticky Flame
  9849 | D:9      | Noticed a two-headed ogre
 10000 | D:9      | Noticed a two-headed ogre
 10010 | D:9      | Noticed a wizard
 10011 | D:10     | Entered Level 10 of the Dungeon
 10026 | D:10     | Offered knowledge of Force Lance by Vehumet.
 10294 | D:10     | Found Enueduine's Antique Armour Emporium.
 10361 | D:10     | Noticed a two-headed ogre
 10376 | D:10     | Killed a two-headed ogre
 11056 | D:10     | Reached skill level 10 in Dodging
 11056 | D:10     | Reached skill level 9 in Conjurations
 11353 | D:10     | Reached **** piety under Vehumet
 11921 | D:10     | Found a staircase to the Lair.
 12360 | D:10     | Reached XP level 11. HP: 67/67 MP: 23/23
 12444 | D:9      | Offered knowledge of Stone Arrow by Vehumet.
 12518 | D:10     | Reached skill level 10 in Fire Magic
 12949 | D:9      | Found a staircase to the Orcish Mines.
 13000 | D:9      | Noticed an orc sorcerer
 13069 | D:9      | Killed an orc sorcerer
 13090 | D:9      | Killed a two-headed ogre
 13090 | D:9      | Reached skill level 1 in Shields
 13297 | D:9      | Killed a wizard
 13297 | D:9      | Reached skill level 10 in Conjurations
 13576 | D:9      | Killed a two-headed ogre
 14099 | D:4      | Bought a +2 hat of magic resistance for 273 gold pieces
 14330 | Lair:1   | Entered Level 1 of the Lair of Beasts
 14501 | Lair:1   | Noticed a five-headed hydra
 14525 | Lair:1   | Killed a five-headed hydra
 14713 | Lair:1   | Got a bound tin ring
 14925 | Lair:1   | Learned a level 3 spell: Regeneration
 15383 | Lair:1   | Noticed an eight-headed hydra
 15423 | Lair:1   | Killed an eight-headed hydra
 15423 | Lair:1   | Reached skill level 11 in Conjurations
 16382 | Lair:2   | Reached XP level 12. HP: 21/72 MP: 17/24
 17486 | Lair:2   | Noticed a four-headed hydra
 17517 | Lair:2   | Killed a four-headed hydra
 17517 | Lair:2   | Reached skill level 5 in Shields
 17994 | Lair:2   | Reached skill level 1 in Necromancy
 18579 | Lair:3   | Found a staircase to the Snake Pit.
 18735 | Lair:3   | Found a staircase to the Shoals.
 18765 | Lair:3   | Reached skill level 1 in Charms
 19070 | Lair:3   | Reached skill level 12 in Conjurations
 20218 | Lair:4   | Noticed a five-headed hydra
 20229 | Lair:4   | Killed a five-headed hydra
 20434 | Lair:4   | Noticed a catoblepas
 20473 | Lair:4   | Identified the ring "Efotedd" {Ice rPois Str-3 Int+2 Stlth+} (You found it on level 1 of the Lair of Beasts)
 20618 | Lair:4   | Got a polished great sword
 20849 | Lair:4   | Killed a catoblepas
 21651 | Lair:5   | Reached ***** piety under Vehumet
 21651 | Lair:5   | Offered knowledge of Lightning Bolt by Vehumet.
 21746 | Lair:5   | Noticed a seven-headed hydra
 21852 | Lair:5   | Reached XP level 13. HP: 71/77 MP: 22/28
 22082 | Lair:5   | Reached skill level 5 in Necromancy
 22547 | Lair:6   | Entered Level 6 of the Lair of Beasts
 22584 | Lair:6   | Reached skill level 5 in Charms
 23392 | Lair:6   | Found a viscous altar of Jiyva.
 23393 | Lair:6   | Found a staircase to the Slime Pits.
 23841 | Lair:5   | Reached skill level 10 in Spellcasting
 24003 | Lair:5   | Learned a level 5 spell: Lightning Bolt
 24631 | Lair:6   | Reached skill level 13 in Conjurations
 24954 | Lair:6   | Identified the +6 great sword of Tobbam {speed, rC+} (You found it on level 4 of the Lair of Beasts)
 26512 | Lair:6   | Noticed a fire dragon
 27172 | Lair:6   | Found a large runed door.
 27174 | Lair:6   | Offered knowledge of Bolt of Fire by Vehumet.
 27175 | Lair:6   | Found a large runed door.
 27183 | Lair:6   | Learned a level 6 spell: Bolt of Fire
 27724 | Orc:1    | Entered Level 1 of the Orcish Mines
 28057 | Orc:1    | Found Eweawym's Food Shop.
 28314 | Orc:2    | Entered Level 2 of the Orcish Mines
 28335 | Orc:2    | Found a staircase to the Elven Halls.
 28369 | Orc:1    | Reached skill level 1 in Evocations
 28369 | Orc:1    | Reached XP level 14. HP: 78/83 MP: 4/31
 28595 | Orc:2    | Found a frozen archway.
 28606 | IceCv    | Entered an ice cave
 30113 | Orc:2    | Noticed an orc warlord
 31078 | Orc:2    | Killed an orc warlord
 31326 | Orc:2    | Found a roughly hewn altar of Beogh.
 31331 | Orc:2    | Found Sappyxie's Antique Weapon Boutique.
 31334 | Orc:2    | Reached skill level 5 in Fighting
 31350 | Orc:2    | Found Kathrayri's Antique Armour Boutique.
 31481 | Orc:2    | Found Ojein's General Store.
 31693 | Orc:2    | Found Ceofymus's Jewellery Boutique.
 32796 | D:11     | Offered knowledge of Conjure Ball Lightning by Vehumet.
 33353 | D:11     | Noticed Grum
 33358 | D:11     | Killed Grum
 33532 | D:12     | Reached skill level 14 in Conjurations
 34225 | D:12     | Found Xyisotw Xato's General Store.
 34237 | D:12     | Bought a scroll of enchant armour for 82 gold pieces
 34404 | D:12     | Reached skill level 5 in Evocations
 34912 | D:12     | Found a portal to a secret trove of treasure.
 34933 | Trove    | Entered a treasure trove
 34964 | Trove    | Got a warped golden ring
 34969 | Trove    | Identified the ring of Alato {rCorr *Slow rN+ Dex+7} (You found it in a treasure trove)
 34972 | Trove    | Got a clouded ruby amulet
 34974 | Trove    | Identified the amulet "Touwnime" {*Corrode rPois Regen+ Int-5 Dex+6} (You found it in a treasure trove)
 34985 | Trove    | Got an ichor-stained leather armour
 34997 | Trove    | Identified the cursed +0 leather armour of the Villain {Str+2 Dex+2 Stlth+} (You found it in a treasure trove)
 35015 | Trove    | Got a citrine-encrusted ring mail
 35026 | Trove    | Identified the +7 ring mail of Demons {*Contam rElec rF+ Int+2} (You found it in a treasure trove)
 36282 | D:13     | Reached XP level 15. HP: 79/92 MP: 10/33
 36432 | D:13     | Reached skill level 1 in Armour
 37401 | D:13     | Found a gate to the Vaults.
 37968 | D:14     | Found a basalt altar of Yredelemnul.
 38868 | D:15     | Entered Level 15 of the Dungeon
 39241 | D:15     | Noticed Urug
 39254 | D:15     | Killed Urug
 39345 | D:15     | Got an ivory hand axe
 39369 | D:15     | Noticed Rupert
 39384 | D:15     | Killed Rupert
 39741 | D:15     | Found a staircase to the Depths.
 40388 | D:10     | Bought a warped helmet for 323 gold pieces
 40399 | D:10     | Identified the +2 helmet of the Slorg {rPois Stlth+} (You bought it in a shop on level 10 of the Dungeon)
 40489 | Lair:1   | Learned a level 3 spell: Inner Flame
 40652 | Snake:1  | Entered Level 1 of the Snake Pit
 41597 | Snake:1  | Found Bapixt's Magic Scroll Emporium.
 41822 | Snake:1  | Bought a scroll of identify for 28 gold pieces
 41822 | Snake:1  | Identified the +1 hand axe of Cune {chop, Int+5} (You found it on level 15 of the Dungeon)
 42062 | Snake:2  | Found Nizer's Antique Weapon Shoppe.
 42214 | Snake:2  | Reached skill level 15 in Conjurations
 42653 | Snake:2  | Noticed a nagaraja
 42661 | Snake:2  | Killed a nagaraja
 42661 | Snake:2  | Reached XP level 16. HP: 101/101 MP: 24/34
 42783 | Snake:2  | Noticed Agnes
 42932 | Snake:2  | Noticed Aizul
 43648 | Snake:2  | Killed Agnes
 43841 | Snake:2  | Found Fuwese's General Store.
 43878 | Snake:2  | Noticed Gorglomux's ghost (journeyman DENe)
 43890 | Snake:2  | Killed Gorglomux's ghost
 43890 | Snake:2  | Reached skill level 10 in Shields
 43902 | Snake:2  | Reached skill level 5 in Air Magic
 44077 | Snake:2  | Bought a scroll of enchant weapon for 112 gold pieces
 44077 | Snake:2  | Bought a potion of curing for 45 gold pieces
 44077 | Snake:2  | Bought a scroll of identify for 30 gold pieces
 44173 | Snake:2  | Got a coiled diamond amulet
 44347 | Snake:2  | Found a basalt altar of Yredelemnul.
 44639 | Snake:2  | Killed Aizul
 44859 | Snake:3  | Identified the amulet "Vuajorik" {RegenMP rC+ Stlth+} (You found it on level 2 of the Snake Pit)
 45618 | Snake:3  | Reached skill level 5 in Armour
 45619 | Snake:3  | Noticed Asterion
 46969 | Snake:2  | Killed Asterion
 47583 | Snake:3  | Noticed Vashnia
 47622 | Snake:3  | Noticed Roxanne
 47672 | Snake:1  | Bought a scroll of teleportation for 42 gold pieces
 47672 | Snake:1  | Bought a scroll of enchant armour for 105 gold pieces
 47672 | Snake:1  | Bought a scroll of enchant armour for 105 gold pieces
 47830 | Lair:1   | Learned a level 4 spell: Animate Dead
 47903 | Shoals:1 | Entered Level 1 of the Shoals
 49602 | Shoals:2 | Reached XP level 17. HP: 105/105 MP: 35/35
 49670 | Shoals:2 | Noticed Frances
 49683 | Shoals:2 | Killed Frances
 49964 | Shoals:2 | Reached skill level 16 in Conjurations
 50322 | Shoals:2 | Found Ydoid's Distillery.
 50433 | Shoals:2 | Bought a potion of heal wounds for 80 gold pieces
 50433 | Shoals:2 | Bought a potion of curing for 48 gold pieces
 50433 | Shoals:2 | Bought a potion of curing for 48 gold pieces
 50433 | Shoals:2 | Bought a potion of curing for 48 gold pieces
 50904 | Shoals:3 | Noticed Nikola
 50910 | Shoals:3 | Killed Nikola
 51878 | Shoals:4 | Entered Level 4 of the Shoals
 52679 | Shoals:4 | Noticed Ilsuiw
 52686 | Shoals:4 | Killed Ilsuiw
 52957 | Shoals:4 | Reached skill level 15 in Fire Magic
 53227 | Shoals:4 | Got a slimy helmet
 53238 | Shoals:4 | Identified the cursed +0 helmet of Dahaubent {Int+4} (You found it on level 4 of the Shoals)
 53576 | Shoals:4 | Noticed Kirke
 53581 | Shoals:4 | Killed Kirke
 53871 | Shoals:4 | Got a translucent iron amulet
 54103 | Shoals:4 | Identified the amulet of Ywnaekh {Harm *Drain rElec rC+ Dex-2} (You took it off a merfolk impaler on level 4 of the Shoals)
 54164 | Shoals:4 | Identified Lufuol's Catalogue of Poison
 54580 | Shoals:4 | Got a barnacled rune of Zot
 55199 | Orc:2    | Bought a scroll of magic mapping for 45 gold pieces
 55409 | Depths:1 | Entered Level 1 of the Depths
 55479 | Depths:1 | Reached XP level 18. HP: 111/111 MP: 32/36
 55619 | Depths:1 | Reached skill level 17 in Conjurations
 55849 | Depths:1 | Offered knowledge of Bolt of Cold by Vehumet.
 57372 | Depths:1 | Found a gateway to Hell.
 57538 | Depths:1 | Noticed Sojobo
 57774 | Depths:2 | Found a one-way gate to the infinite horrors of the Abyss.
 57999 | Lair:1   | Learned a level 4 spell: Summon Lightning Spire
 58291 | Snake:3  | Reached skill level 1 in Summonings
 58691 | Snake:3  | Got a fine hand axe {elec}
 58907 | Snake:3  | Killed Vashnia
 58919 | Snake:3  | Identified the +5 hand axe "Paelah" {elec, rPois} (You took it off a naga warrior on level 3 of the Snake Pit)
 59533 | Snake:4  | Entered Level 4 of the Snake Pit
 60039 | Snake:4  | Offered knowledge of Freezing Cloud by Vehumet.
 61438 | Snake:4  | Reached XP level 19. HP: 114/115 MP: 21/37
 61776 | Snake:4  | Reached skill level 5 in Summonings
 62212 | Snake:4  | Reached ****** piety under Vehumet
 62384 | Snake:4  | Reached skill level 18 in Conjurations
 62774 | Snake:4  | Offered knowledge of Ozocubu's Refrigeration by Vehumet.
 62951 | Snake:4  | Got a serpentine rune of Zot
 63464 | Elf:1    | Entered Level 1 of the Elven Halls
 63512 | Elf:1    | Found Pac Noup's Antique Weapon Shoppe.
 63512 | Elf:1    | Found Fut Xeol's General Store.
 63513 | Elf:1    | Found Nuisan's Jewellery Emporium.
 63515 | Elf:1    | Found Oschuejea's Assorted Antiques.
 63524 | Elf:1    | Bought a scroll of identify for 90 gold pieces
 63525 | Elf:1    | Identified a scroll of acquirement
 63537 | Elf:1    | Bought a potion of heal wounds for 225 gold pieces
 63540 | Elf:1    | Bought a potion of haste for 180 gold pieces
 63815 | Elf:1    | Found Zier's Food Boutique.
 64746 | Elf:1    | Identified the Reference Book on Confrontation and Slavery
 65277 | D:10     | Learned a level 2 spell: Shroud of Golubria
 65511 | Depths:1 | HP: 4/115 [air elemental/tornado[Sojobo] (5)]
 65511 | Depths:1 | Killed from afar by a fire dragon

Skill      XL: |  1  2  3  4  5  6  7  8  9 10 11 12 13 14 15 16 17 18 19 |
---------------+----------------------------------------------------------+-----
Dodging        | 3 4 5 6 7 9 10 11 12 13 | 13.6
Conjurations   | 2 3 4 5 6 8 9 11 12 13 14 15 16 17 18 | 18.3
Fire Magic     | 4 5 6 7 8 9 11 12 13 14 15 16 | 16.8
Spellcasting   | 4 5 6 7 9 11 12 | 12.4
Fighting       | 2 4 6 7 |  7.0
Air Magic      | 1 3 4 7 9 |  9.0
Poison Magic   | 1 3 |  3.6
Shields        | 4 6 7 8 9 10 11 12 13 | 13.1
Necromancy     | 4 7 |  7.8
Charms         | 4 6 |  6.0
Evocations     | 1 5 7 |  7.0
Armour         | 4 6 |  6.0
Summonings     | 4 6 |  6.9
Stealth        | |  2.4

Action                   |  1- 3 |  4- 6 |  7- 9 | 10-12 | 13-15 | 16-18 | 19-21 || total
-------------------------+-------+-------+-------+-------+-------+-------+-------++-------
Melee: Unarmed           |     3 |       |       |       |       |       |       ||     3
       Spear             |     2 |       |       |       |       |       |       ||     2
       Short sword       |       |     9 |       |       |       |       |       ||     9
       Staff             |       |       |    22 |    16 |   210 |   113 |     4 ||   365
       Quarterstaff      |       |       |    22 |    33 |       |       |       ||    55
       Dagger            |       |       |       |     6 |    30 |    13 |       ||    49
       Broad axe         |       |       |       |       |       |    15 |    26 ||    41
Throw: Throwing net      |       |       |     2 |     3 |     1 |     3 |       ||     9
 Cast: Flame Tongue      |    79 |    87 |   294 |   466 |       |       |       ||   926
       Throw Flame       |       |    32 |   103 |   125 |   373 |     9 |     3 ||   645
       Fireball          |       |       |     7 |    19 |    54 |    51 |     9 ||   140
       Mephitic Cloud    |       |       |     4 |    27 |    29 |     4 |       ||    64
       Conjure Flame     |       |       |     1 |       |       |       |       ||     1
       Sticky Flame      |       |       |       |    72 |   161 |    79 |     7 ||   319
       Lightning Bolt    |       |       |       |       |    61 |    69 |       ||   130
       Regeneration      |       |       |       |       |     9 |    32 |     4 ||    45
       Bolt of Fire      |       |       |       |       |   164 |   572 |   190 ||   926
       Animate Dead      |       |       |       |       |       |    10 |       ||    10
       Shroud of Golubri |       |       |       |       |       |       |     1 ||     1
       Summon Lightning  |       |       |       |       |       |       |     1 ||     1
Evoke: Wand              |       |       |     3 |     5 |     7 |     8 |       ||    23
       Sack of spiders   |       |       |       |       |     1 |     1 |       ||     2
       Staff of energy   |       |       |       |       |     2 |     7 |       ||     9
       Crystal ball of e |       |       |       |       |     1 |     3 |       ||     4
       Phial of floods   |       |       |       |       |       |     1 |       ||     1
  Use: Scroll            |     2 |     2 |     7 |    11 |    15 |    21 |     5 ||    63
       Potion            |       |       |    11 |     2 |     6 |    26 |     2 ||    47
 Stab: Confused          |       |       |     1 |     4 |       |       |       ||     5
       Distracted        |       |       |     1 |       |       |       |       ||     1
       Held in net/web   |       |       |       |     1 |     1 |       |       ||     2
  Eat: Chunk             |     2 |     5 |    12 |    56 |    86 |    18 |     3 ||   182
       Ration            |       |       |     2 |     2 |     5 |    12 |     3 ||    24
Armor: Robe              |    14 |     8 |    35 |    71 |    56 |       |       ||   184
       Steam dragon scal |       |       |       |       |    39 |       |       ||    39
       Ring mail         |       |       |       |       |    45 |   193 |    43 ||   281
Dodge: Dodged            |    36 |    20 |   127 |   328 |   427 |   380 |    57 ||  1375
Block: Buckler           |       |       |       |    46 |   223 |   280 |    50 ||   599
       Reflection        |       |       |       |       |    16 |    44 |       ||    60
